 Dungeon Crawl Stone Soup version 0.21-a0-311-g9ae2175 (webtiles) character file.

202 Jannitor the Magician (level 5, 0/39 HPs)
             Began as a Gnoll Wanderer on Sept 29, 2017.
             Slain by a bullfrog skeleton (6 damage)
             ... on level 4 of the Dungeon.
             The game lasted 00:06:58 (3440 turns).

Jannitor the Magician (Gnoll Wanderer)              Turns: 3440, Time: 00:06:58

Health: 0/39       AC:  2    Str: 15    XL:     5   Next: 80%
Magic:  6/14       EV: 12    Int: 16    God:
Gold:   114        SH:  0    Dex: 13    Spells: 13/18 levels left

rFire    + . .     SeeInvis .   h - +2 dagger (protect)
rCold    + . .     Gourm    .   (no shield)
rNeg     . . .     Faith    .   d - +0 robe
rPois    .         Spirit   .   (no helmet)
rElec    .         Reflect  .   x - scarf {rC+ rF+}
rCorr    .         Harm     .   (no gloves)
MR       .....                  (no boots)
Stlth    ++........             (no amulet)
HPRegen  0.13/turn              (no ring)
MPRegen  0.14/turn              (no ring)

@: no status effects
A: distributed training, fangs 1, strong nose
a: no special abilities


You were on level 4 of the Dungeon.
You were very hungry.

You visited 1 branch of the dungeon, and saw 4 of its levels.

You collected 114 gold pieces.

Inventory:

Hand Weapons
 e - a +0 club
 h - a +2 dagger of protection (weapon)
Armour
 d - a +0 robe (worn)
 x - a scarf of resistance (worn)
Jewellery
 r - a +4 ring of dexterity {unknown}
 y - a cursed -2 ring of protection {unknown}
 B - a cursed -5 ring of intelligence {unknown}
Scrolls
 g - 3 scrolls of enchant armour {unknown}
 i - 4 scrolls of remove curse {unknown}
 j - 4 scrolls of teleportation {unknown}
 l - 2 scrolls of random uselessness {unknown}
 m - 2 scrolls of recharging {unknown}
 n - a scroll of enchant weapon {unknown}
 o - 4 scrolls of blinking {unknown}
 s - 2 scrolls of fog {unknown}
 u - 3 scrolls of identify {unknown}
Potions
 p - a potion of brilliance {unknown}
 q - 3 potions of curing {unknown}
 t - 2 potions of resistance {unknown}
 v - a potion of flight {unknown}
 w - a potion of agility {unknown}
 A - a potion of lignification {unknown}
Books
 a - a book of Minor Magic

   Spells                             Type                      Level
   a - Magic Dart                     Conjuration                  1
   b - Blink                          Translocation                2
   c - Call Imp                       Summoning                    2
   d - Slow                           Hexes                        2
   e - Conjure Flame                  Conjuration/Fire             3
   f - Mephitic Cloud                 Conjuration/Poison/Air       3
 b - the Incunabulum of the Lamprey

   Spells                             Type                      Level
   a - Passwall                       Transmutation/Earth          2
   b - Sticks to Snakes               Transmutation                2
 c - the Grimoire of the Birds

   Spells                             Type                      Level
   a - Shock                          Conjuration/Air              1
   b - Static Discharge               Conjuration/Air              3
Comestibles
 f - 3 bread rations
 k - 3 meat rations
 z - a royal jelly


   Skills:
 + Level 2.6 Fighting
 + Level 0.8 Short Blades
 + Level 1.7 Long Blades
 + Level 2.0 Axes
 + Level 0.0 Maces & Flails
 + Level 0.0 Polearms
 + Level 2.0 Staves
 + Level 1.7 Slings
 + Level 0.8 Bows
 + Level 2.0 Crossbows
 + Level 1.7 Throwing
 + Level 1.7 Armour
 + Level 1.3 Dodging
 + Level 2.4 Stealth
   Level 0.0 Stabbing
 + Level 1.3 Shields
   Level 0.0 Traps
 + Level 1.3 Unarmed Combat
 + Level 7.0 Spellcasting
 + Level 5.0 Conjurations
 + Level 1.3 Hexes
 + Level 1.7 Charms
 + Level 2.0 Summonings
 + Level 1.3 Necromancy
 + Level 2.0 Translocations
 + Level 1.3 Transmutations
 + Level 2.0 Fire Magic
 + Level 0.8 Ice Magic
 + Level 3.3 Air Magic
 + Level 2.6 Earth Magic
 + Level 4.5 Poison Magic
 + Level 0.8 Invocations
 + Level 3.1 Evocations


You had 13 spell levels left.
You knew the following spells:

 Your Spells              Type           Power        Failure   Level  Hunger
a - Shock                 Conj/Air       ###.         2%          1    None
b - Sticks to Snakes      Tmut           #.......     11%         2    None
c - Call Imp              Summ           ##......     8%          2    None


Dungeon Overview and Level Annotations

Branches:
Dungeon (4/15)
 Temple: D:4-7

Altars:
Dithmenos
Qazlal
Ru
Uskayaw


Innate Abilities, Weirdness & Mutations

Your experience applies equally to all skills.
You have very sharp teeth.
Your uncanny sense of smell can sniff out nearby items.


Message History

Something misses your white imp.
Your magical contamination has completely faded away.
Your white imp disappears in a puff of smoke!
Your white imp disappears in a puff of smoke!
Found a scroll labeled ROLA QOHI ROWNETO.
A ball python and a scorpion come into view.
A bullfrog skeleton comes into view.
The scorpion completely misses you.
There is a sacrificial altar of Ru here.
You closely miss the scorpion. Your bite misses the scorpion.
The scorpion stings you.
* * * LOW HITPOINT WARNING * * *
Your crimson imp hits the bullfrog skeleton.
The scorpion stings you.
* * * LOW HITPOINT WARNING * * *
The bullfrog skeleton closely misses you.
Your crimson imp blinks!
You see here a scroll labeled ROLA QOHI ROWNETO.
The bullfrog skeleton hits you.
You die...

#..............###....#.......
#...........###}##....#.......
#.....###..###...#. .. .......
#######...#.#....# .. ....
#...##....##.##
#....#_#.5..S.. #...##....#...
#...###...## . .#+.. ##sZ@# ..
... ##?## ### ∆ ∆ .. ... ...
∆...


You could see a scorpion, a bullfrog skeleton and a friendly crimson imp.

Vanquished Creatures
  A jelly (D:2)
  An orc priest (D:4)
  3 gnolls (D:3)
  3 adders (D:3)
  An ooze (D:1)
  2 worms (D:2)
  A dart slug (D:1)
  5 leopard geckos
  3 orcs
  8 bats
  3 giant cockroaches
  9 goblins
  5 hobgoblins
  2 jackals (D:2)
  7 kobolds
  3 quokkas
  3 frilled lizards
  6 rats
66 creatures vanquished.

Vanquished Creatures (collateral kills)
  3 orcs (D:4)
3 creatures vanquished.

Vanquished Creatures (others)
  An orc (D:3)
1 creature vanquished.

Grand Total: 70 creatures vanquished

Notes
Turn   | Place    | Note
-------+----------+-------------------------------------------
     0 | D:1      | Jannitor the Gnoll Wanderer began the quest for the Orb.
     0 | D:1      | Jannitor set off with: a book of Minor Magic, the Incunabulum of the Lamprey, the Grimoire of the Birds, a +0 robe, a +0 club, a bread ration
     0 | D:1      | Reached XP level 1. HP: 13/13 MP: 8/8
     0 | D:1      | Identified the Incunabulum of the Lamprey
     0 | D:1      | Identified the Grimoire of the Birds
     2 | D:1      | Learned a level 1 spell: Shock
   161 | D:1      | Reached skill level 1 in Long Blades
   200 | D:1      | Reached XP level 2. HP: 19/19 MP: 10/10
   554 | D:1      | Reached skill level 1 in Summonings
  1027 | D:1      | Reached skill level 1 in Fighting
  1112 | D:1      | Reached XP level 3. HP: 26/26 MP: 11/11
  1507 | D:2      | Reached skill level 1 in Slings
  1575 | D:2      | Reached skill level 1 in Axes
  1591 | D:2      | Reached skill level 1 in Earth Magic
  1638 | D:2      | Reached skill level 1 in Unarmed Combat
  1665 | D:2      | Reached skill level 1 in Shields
  2246 | D:2      | Learned a level 2 spell: Sticks to Snakes
  2264 | D:2      | Reached XP level 4. HP: 29/33 MP: 13/13
  2351 | D:2      | Reached skill level 1 in Translocations
  2353 | D:2      | Reached skill level 1 in Dodging
  2353 | D:2      | Reached skill level 1 in Charms
  2535 | D:3      | Found a shadowy altar of Dithmenos.
  2618 | D:3      | Found a hide-covered altar of Uskayaw.
  2711 | D:3      | Reached XP level 5. HP: 35/38 MP: 10/14
  2713 | D:3      | Reached skill level 5 in Conjurations
  2818 | D:3      | Reached skill level 1 in Fire Magic
  2875 | D:3      | Found a stormy altar of Qazlal.
  2955 | D:3      | Reached skill level 1 in Crossbows
  2957 | D:3      | Reached skill level 1 in Transmutations
  3039 | D:3      | Reached skill level 1 in Hexes
  3130 | D:3      | Reached skill level 1 in Necromancy
  3314 | D:4      | Learned a level 2 spell: Call Imp
  3380 | D:4      | Found a sacrificial altar of Ru.
  3406 | D:4      | Reached skill level 1 in Throwing
  3406 | D:4      | Reached skill level 1 in Armour
  3440 | D:4      | Slain by a bullfrog skeleton

Vault maps used:
D:1:      lightli_arrival_statue_moat
D:3:      lemuel_round_altar, grunt_qazlal_clouds, lemuel_crystal_altar,
          kennysheep_generic_room_8
D:4:      marbit_many_paths, minmay_ruined_shrine, uniq_pikel

Skill      XL: |  1  2  3  4  5 |
---------------+----------------+-----
Long Blades    | 1 |  1.7
Summonings     | 1 2 |  2.0
Fighting       | 1 2 |  2.6
Slings         | 1 |  1.7
Axes           | 1 2 |  2.0
Earth Magic    | 1 2 |  2.6
Unarmed Combat | 1 |  1.3
Shields        | 1 |  1.3
Translocations | 1 2 |  2.0
Staves         | 2 |  2.0
Dodging        | 1 |  1.3
Charms         | 1 |  1.7
Air Magic      | 3 |  3.3
Evocations     | 3 |  3.1
Conjurations   | 5 |  5.0
Fire Magic     | 2 |  2.0
Crossbows      | 2 |  2.0
Transmutations | 1 |  1.3
Hexes          | 1 |  1.3
Necromancy     | 1 |  1.3
Throwing       | 1 |  1.7
Armour         | 1 |  1.7
Short Blades   | |  0.8
Bows           | |  0.8
Stealth        | |  2.4
Spellcasting   | |  7.0
Ice Magic      | |  0.8
Poison Magic   | |  4.5
Invocations    | |  0.8

Action                   |  1- 3 |  4- 6 || total
-------------------------+-------+-------++-------
Melee: Club              |    10 |       ||    10
       Dagger            |   142 |    78 ||   220
       Bite              |     9 |     3 ||    12
 Cast: Shock             |     7 |    16 ||    23
       Call Imp          |       |     6 ||     6
 Stab: Sleeping          |     6 |     2 ||     8
  Eat: Chunk             |     4 |     3 ||     7
Armor: Robe              |    46 |    24 ||    70
Dodge: Dodged            |    84 |    68 ||   152

Table legend:
 A = Spawn XP
 B = Non-spawn XP
 C = Spawn XP percentage of total XP
 D = Spawn monster count
 E = Non-spawn monster count
 F = Spawn count percentage of total count
 G = Total turns spent on level
                    A         B        C        D         E        F      G
               +---------+---------+-------+---------+---------+-------+---------
         Total |       0 |     289 |   0.0 |       0 |      69 |   0.0 |  3440
               +---------+---------+-------+---------+---------+-------+---------
           D:1 |       0 |      35 |   0.0 |       0 |      19 |   0.0 |  1419
           D:2 |       0 |      95 |   0.0 |       0 |      23 |   0.0 |  1077
           D:3 |       0 |     110 |   0.0 |       0 |      22 |   0.0 |   773
           D:4 |       0 |      49 |   0.0 |       0 |       5 |   0.0 |   171
               +---------+---------+-------+---------+---------+-------+---------
